[Event "44th Chess Olympiad Women 2022"]
[Site "Chennai"]
[Date "2022.08.01"]
[Round "4.16"]
[White "Pilsova, Karolina"]
[Black "Demchenko, Svitlana"]
[Result "1/2-1/2"]
[WhiteElo "2230"]
[BlackElo "2122"]
[Annotator "TA"]
[PlyCount "119"]
[EventDate "2022.??.??"]
[TimeControl "60"]

1. Nf3 f5 2. d3 Nf6 3. e4 d6 4. e5 Ng4 5. exd6 cxd6 6. d4 {[%emt 0:01:06] [#] A04: Unusual
lines after 1 Nf3 and King's Indian Attack.} g6 $146 ({
Predecessor:} 6... Qb6 7. h3 Nf6 8. Nc3 e6 9. Bd3 Be7 10. O-O O-O 11. Re1 Nc6
12. d5 Nxd5 13. Nxd5 exd5 {½-½ (31) Gupta,M (2301)-Kivijarvi,J (2231) Ohrid
2009}) 7. Bc4 Bg7 8. O-O d5 9. Bb3 O-O 10. Nc3 e6 11. Bg5 $36 {[%emt 0:01:26]
White is more active.} Nf6 12. Ne2 h6 13. Bxf6 Qxf6 14. Nf4 Nc6 15. c3 Kh7 (15... Bd7 $142) 16. Re1 Bd7 17. Ba4 {[%emt 0:06:01] aiming for Bxc6.} Rae8 18. Bxc6 Bxc6 19. Ne5 g5 20. Nh5 {[%emt 0:03:18] 0x0.001680dd1005dp-1022s more active pieces. Pair
of Knights!} Qe7 21. Nxg7 Qxg7 22. Qd3 Rf6 23. Ng4 Rg6 24. Ne5 (24. Ne3 $1 $14) 24... Rf6 $16 25. Re2 Kg8 26. f4 Re7 27. Rae1 Be8 28.
Rf2 Kh8 29. Re3 Qg8 30. Rg3 (30. b3 $142) 30... Rg7 31. Qd2 (31. fxg5 {is more complex.} hxg5 32. Rh3+ Rh7
33. Rxh7+ Qxh7 34. c4) 31... g4 32. Qe1 h5 33. h4 Bb5 34. Rd2 Qc8 35. Re3 Rc7 36.
Qa1 ({Better is} 36. c4 $16 Bxc4 37. Rc2) 36... Kg8 37. Qe1 (37. Rd1 $14) 37...
Rf8 (37... Kh8 $1 $11) 38. Qf2 Kg7 39. Rg3 Kf6 40. Qe1 Re8 {[%emt 0:01:03] [#]} (40... Qd8 $14) 41. Rd1 (41. c4 $1 $16 dxc4 42. d5) 41... b6 {[%emt 0:02:36] [#]} (41...
Qd8 $14) 42. Ra1 (42. c4 $1 $16 Ba6 43. cxd5
exd5 44. Re3) 42... a5 {[%emt 0:05:56] White is slightly better.} 43. Qd1 Ba6 44. Qb3 Qb7 45. a3 Rec8 46. Re3 Re7 47. Rae1 Qc7 48. Qc2 {
[%emt 0:01:31][%cal Ye5g6] Threatens to win with Ng6!} Qd6 49.
Qf2 Bb5 50. Qg3 Rcc7 51. Kh1 Ba6 52. Qf2 Bb5 53. Qc2 Rc8 54.
Qb3 {[%emt 0:00:57] Dancing on a razor blade.} Ba6 55. Qa4 Bb7 56. Qb5 Ra8 57. Kg1 Ba6 58. Qa4 Bb7 59. Kh2 Rc8 60. Qb5 {
[%emt 0:00:34] Weighted Error Value: White=0.14 (very precise) /Black=0.12 
(very precise)} 1/2-1/2

[Event "44th Chess Olympiad Women 2022"]
[Site "Chennai"]
[Date "2022.08.01"]
[Round "4.17"]
[White "Bach, Ngoc Thuy Duong"]
[Black "Reyes Jara, Paula"]
[Result "1-0"]
[WhiteElo "2192"]
[BlackElo "1858"]
[Annotator "NA RC"]
[PlyCount "115"]
[EventDate "2022.??.??"]
[TimeControl "60"]

1. d4 Nf6 2. c4 g6 3. Nc3 Bg7 4. e4 d6 5. Nf3 O-O 6. Be2 e5 7. O-O Nc6 8. d5 Ne7 9. b4 a5 10. Ba3 b6 11. bxa5 Rxa5 12. Bb4 Ra7 13. a4 c5 14. dxc6 Nxc6 15.
Qxd6 Bb7 16. Ba3 Nd4 17. Qxd8 Rxd8 18. Be7 Rc8 19. Nxd4 exd4 20. Nb5 Raa8 21. e5 Ne4 22. f4 Bc6 23. Nxd4 Ra7 24. Bb4 Bxa4 25. Rfc1 g5 26. Bf3 f5 27. Nxf5 Nc5 28. Bxc5 Rxc5 29. Nxg7 Kxg7 30. Bd1 Rca5 31. Rxa4 Rxa4 32. Bxa4 Rxa4 33. f5 Kf7 34. Rb1 Rxc4 35. Rxb6 Rf4 36. Rb7+ Kf8 37. Rb8+ Ke7 38. f6+ Ke6 39. Re8+ Kf7 40. Re7+ Kg8 41. Rg7+ Kf8 42. Rxg5 Re4 43. Kf2 h6 44. Rh5 Kf7 45. Rxh6 Rxe5 46. g4 Re4 47. Kg3 Re2 48. h3 Ra2 49. g5 Ra4 50. Rh4 Ra3+ 51. Kg4 Ra8 52. Rh7+ Kg8 53. Rg7+ Kh8 54. Rb7 Kg8 55. Kh5 Rc8 56. Kg6 Kh8 57. Rh7+ Kg8 58. f7+ 1-0

[Event "44th Chess Olympiad Women 2022"]
[Site "Chennai"]
[Date "2022.08.01"]
[Round "4.17"]
[White "Morales Flores, Monserrat"]
[Black "Hoang, Thi Bao Tram"]
[Result "0-1"]
[WhiteElo "1946"]
[BlackElo "2288"]
[Annotator "NA RC"]
[PlyCount "68"]
[EventDate "2022.??.??"]
[TimeControl "60"]

1. e4 c6 2. d4 d5 3. e5 c5 4. dxc5 Nc6 5. f4 e6 6. Be3 Nh6 7. Nf3 Nf5 8. Bg1 d4 9. g4 Nh4 10. Nxh4 Qxh4+ 11. Bf2 Qd8 12. Bg2 Bxc5 13. O-O Qc7 14. Qf3 Bd7 15. Nd2 Ne7 16. Qxb7 Qxb7 17. Bxb7 Rb8 18. Be4 Rxb2 19. Nb3 Bb6 20. Nxd4 Rb4 21. c3 Rc4 22. Rac1 O-O 23. Bd3 Ra4 24. c4 Rc8 25. Nb3 Rxa2 26. c5 Bc7 27. Nd4 Nc6 28. Nc2 g5 29. Be3 gxf4 30. Bxf4 Nxe5 31. Bxe5 Bxe5 32. Bc4 Ra4 33. Ne3 Bd4 34. Rf3 Rxc5 0-1

[Event "44th Chess Olympiad Women 2022"]
[Site "Chennai"]
[Date "2022.08.01"]
[Round "4.17"]
[White "Toro Pradenas, Maria Jose"]
[Black "Nguyen, Thien Ngan"]
[Result "1-0"]
[WhiteElo "1945"]
[BlackElo "1912"]
[Annotator "NA RC"]
[PlyCount "83"]
[EventDate "2022.??.??"]
[TimeControl "60"]

1. e4 e5 2. Nf3 Nc6 3. Bb5 a6 4. Ba4 Nf6 5. d3 b5 6. Bb3 Be7 7. O-O d6 8. c3 O-O 9. Nbd2 Bb7 10. d4 Re8 11. Bc2 Bf8 12. d5 Nb8 13.
b3 c6 14. c4 Nbd7 15. Re1 g6 16. Nf1 Nb6 17. Bd3 Bg7 18. Bd2 Nfd7 19. Rc1 Rc8 20. Ne3 cxd5 21. Nxd5 Nxd5 22. cxd5 Rxc1 23. Qxc1 Nc5 24. Bb1 Qd7 25. Bb4 Rc8 26. Qg5 f6 27. Qg3 Qd8 28. h4 a5 29. Bd2 b4 30. h5 g5 31. Nxg5 fxg5 32. Bxg5 Qe8 33. h6 Bf8 34. Qh4 Qg6 35. Re3 Nd7 36. Rg3 Kh8 37. Bd3 Qf7 38. Bb5 Bxh6 39. Qxh6 Rg8 40. Bxd7 Rg6 41. Be6 Qe8 42. Bf6+ 1-0

[Event "44th Chess Olympiad Women 2022"]
[Site "Chennai"]
[Date "2022.08.01"]
[Round "4.17"]
[White "Vo, Thi Kim Phung"]
[Black "Gomez Barrera, Javiera Belen"]
[Result "1-0"]
[WhiteElo "2333"]
[BlackElo "2210"]
[Annotator "TA"]
[PlyCount "101"]
[EventDate "2022.??.??"]
[TimeControl "60"]

1. d4 Nf6 2. c4 g6 3. Nc3 d5 4. cxd5 Nxd5 5. e4 Nxc3 6. bxc3 Bg7 7. Bc4 c5 8. Ne2 Nc6 9. Be3 O-O 10. O-O b6 {[%emt 0:00:13] 10...
Bg4 is setting a new trend.} 11. Bd5 {[%emt 0:06:06] D87: Exchange Grünfeld:
Classical Line: Variations without ...cxd4.} Bb7 12. dxc5 e6 13. Bxc6 {
[%emt 0:10:47] [#] The position is equal.} Qxd1 $146 ({
Predecessor:} 13... Bxc6 14. f3 Bb5 15. Re1 bxc5 16. Bxc5 Qxd1 17. Raxd1 Rfc8
18. Bd4 Bxd4+ 19. Nxd4 Bc4 20. Rd2 e5 21. Ne2 Rab8 22. Ng3 Rb5 23. Nf1 Bxf1 24.
Kxf1 Rxc3 25. Kf2 {½-½ (25) Matthes,A (2198)-Tschernatsch,J (2251) Willingen
2020}) 14. Rfxd1 Bxc6 15. cxb6 axb6 16. f3 Bb5 17. Nd4 Bc4 18. a4 Ra6 19. Rab1 Rc8 {[%emt 0:16:01] [#]} 20. Nc6 $1 {[%emt 0:00:
00] Ne7+ is the strong threat.} Kf8 {[%emt 0:05:47] Prevents Ne7.} (20... Rxc6
21. Rd8+ Bf8 22. Bh6) 21. Rd6 (21. a5 $5 b5 22.
Na7 $14 (22. Bc5+ Ke8 $11)) 21... Ke8 22. Rbd1 {[%emt 0:02:03]
Rd8+ would kill now.} ({Don't play} 22. Bxb6 Bf8 23. Rd4 (23. Rd8+ $2 Rxd8 24.
Bxd8 Bc5+ 25. Kh1 Rxc6 $19) 23... Rxc6 24. Rd8+ Ke7 $17) 22... Raa8 $1 23. Bxb6 {[%emt 0:11:07] Strongly threatening Na7.} Bb3 $1 {
[%emt 0:00:10] This bishop pair is nice.} 24. Rd8+ Rxd8 25. Rxd8+ Rxd8 26. Nxd8 Bxa4 $11 {[%emt 0:00:20] Endgame KBB-KBN} 27. c4 Bd4+ 28. Bxd4 Kxd8 $14 {[%emt 0:00:01]
KB-KB} 29. Bf6+ Kd7 30. e5 Kc6 31. Be7 Bb3 32. c5 Kd5 33. Bd6 Ba4 34. Kf2 Kd4 35. Kg3 {[%emt 0:01:25]
Black must now prevent Kf4.} Bc6 $2 (35... Ke3 $16 {was
necessary.}) 36. Kf4 $18 {[%emt 0:00:25] Threatens to win with Kg5.} h6 {
[%emt 0:00:59] [#]} 37. h4 (37. Bf8 $1 $18 )
37... Bb7 {[%emt 0:00:55] [#]} (37... Bb5 $14) 38. Bf8 $1 $16 g5+ 39. hxg5 hxg5+ 40. Kxg5
{[%emt 0:00:06] Intending Kf6 and mate.} Kxe5 41. Bd6+ Kd5 42. Kf6 Kc6 $2 (42... e5 $16 43. Kxf7 Ba6) 43. Kxf7 {[%emt 0:00:00] White mates.} Kd7 44. Kf6 Bd5 45. Be5 Ke8 46. g4 Bxf3 47. g5 Bg4 48. g6 Bf5 49. c6 Be4 50. g7 Bh7 51. c7 {[%emt 0:00:00] Weighted Error Value: White=0.10 (very
precise) /Black=0.28 (precise)} 1-0

[Event "44th Chess Olympiad Women 2022"]
[Site "Chennai"]
[Date "2022.08.01"]
[Round "4.18"]
[White "Raccanello, Marianna"]
[Black "Perez Hernandez, Vicmary C."]
[Result "1-0"]
[WhiteElo "2067"]
[BlackElo "1862"]
[Annotator "NA RC"]
[PlyCount "57"]
[EventDate "2022.??.??"]
[TimeControl "60"]

1. e4 c5 2. Nf3 Nc6 3. d4 cxd4 4. Nxd4 g6 5. c4 Bg7 6. Be3 d6 7. Nc3 Nf6 8. Be2 O-O 9. Qd2 Nxd4 10. Bxd4 Be6 11. O-O Rc8 12. b3 a6 13. f4 Qa5 14. Qd3 Bg4 15. Bxg4 Nxg4 16. Nd5 Bxd4+ 17. Qxd4 e5 18. Qb2 Qc5+ 19. Kh1 Rcd8 20. Rae1 f6 21. h3 Nh6 22. fxe5 fxe5 23. Qd2 Kg7 24. Qg5 Rde8 25. Nf6 Rd8 26. Nh5+ Kg8 27. Rf6 Nf7 28. Rxg6+ Kh8 29. Qf6# 1-0

[Event "44th Chess Olympiad Women 2022"]
[Site "Chennai"]
[Date "2022.08.01"]
[Round "4.18"]
[White "Rovira Contreras, Tairu Manuela"]
[Black "Gueci, Tea"]
[Result "0-1"]
[WhiteElo "2036"]
[BlackElo "2254"]
[Annotator "NA RC"]
[PlyCount "96"]
[EventDate "2022.??.??"]
[TimeControl "60"]

1. d4 d5 2. c4 e6 3. Nf3 Nf6 4. Nc3 c6 5. e3 a6 6. Bd3 dxc4 7. Bxc4 b5 8. Be2 Nbd7 9. O-O c5 10. a3 Bb7 11. dxc5 Bxc5 12. b4 Be7 13. Qb3 Nd5 14. Bb2 O-O 15. Rfd1 Qe8 16. Rac1 Rc8 17. Nb1 Rxc1 18. Rxc1 Qa8 19. Bd4 N5b6 20. Qb2 f6 21. Nbd2 e5 22. Bxb6 Nxb6 23. Nb3 Bd5 24. Ne1 Nc4 25. Bxc4 Bxc4 26. Na5 Bd5 27. Qc3 Re8 28. f3 Bd8 29. Nb3 Bb6 30. Kh1 Rd8 31. Nd2 Qa7 32. Nc2 h6 33. Re1 Qb7 34. h3 Rc8 35.
Qd3 Rd8 36. Qc3 Qc6 37. Qb2 Rc8 38. Na1 Qc3 39. Qxc3 Rxc3 40. e4 Ba2 41. Nb1 Rc6 42. Rd1 Kf7 43. Kh2 Ke6 44. Kg3 Bd4 45.
Nd2 Rd6 46. Nc2 Bc3 47. Nb1 Rxd1 48. Nxc3 Rc1 0-1

[Event "44th Chess Olympiad Women 2022"]
[Site "Chennai"]
[Date "2022.08.01"]
[Round "4.18"]
[White "Varela La Madrid, Tilsia Carolina"]
[Black "Brunello, Marina"]
[Result "0-1"]
[WhiteElo "2079"]
[BlackElo "2341"]
[Annotator "TA"]
[PlyCount "55"]
[EventDate "2022.??.??"]
[TimeControl "60"]

1. e4 c5 2. Nf3 d6 3. Bb5+ Nd7 4. c4 Ngf6 5. Nc3 e6 6. O-O {[%emt 0:00:56] B51: Sicilian: Moscow Variation (3 Bb5+) without 3.
..Bd7.} Qc7 7. h3 Be7 8. Ba4
{[%emt 0:06:52] White has an edge.} (8. Bxd7+ $5 Bxd7 9. d4 $11) 8... O-O 9. Qe2 a6 {[%emt 0:02:49] [#]} 10. d4 $146 ({Predecessor:} 10. d3 b6 11. Nh2 Bb7 12. f4 Bc6 13. Bxc6 Qxc6
14. a4 Rfe8 15. e5 d5 16. exf6 Bxf6 {1-0 (44) Frolov,A (2393)-Ajay Krishna,S 
(2161) Pardubice 2018}) 10... cxd4 11. Nxd4 Nb6 12. Bb3 $1 Bd7 13. Be3 (13. Nc2 $11) 13... Rac8 (13... Rfc8 $15) 14.
Rac1 Rfe8 ({Resist} 14... Nxc4 15. Bxc4 Qxc4
{[#]} 16. Nd5 $1 exd5 17. Rxc4 Rxc4 18. exd5 $16) (14... Bd8 {was preferrable.}
) 15. Nb1 ({White should play} 15. Qf3 $11) 15... Nxe4 $15 16. Nxe6 Bxe6 17. Bxb6 Qxb6 18. Qxe4 Bg5 19. Rce1 Bf6 {[%emt 0:00:15] This bishop pair is nice.
} 20. Nc3 Bxc3 21. bxc3 Rc5 22. Qd4 Qc7 (22... Qc6 {
looks sharper.} 23. Re3 Rg5 24. g4 Re5) 23. Re3 Rd8 24. Rfe1 a5 25. Re4 Rf8 26. a3 (26. R1e3 $11) 26...
b5 27. Re5 $2 {[%emt 0:03:28] [#]} Bxc4 $2 (
27... dxe5 $19 28. Qe4 f5) 28. Bxc4 $4 {[%emt 0:00:30] Weighted Error Value:
White=0.58/Black=0.44} 0-1

[Event "44th Chess Olympiad Women 2022"]
[Site "Chennai"]
[Date "2022.08.01"]
[Round "4.18"]
[White "Zimina, Olga"]
[Black "Otazo Sanchez, Annyd Gabriela"]
[Result "1-0"]
[WhiteElo "2340"]
[BlackElo "1932"]
[Annotator "TA"]
[PlyCount "92"]
[EventDate "2022.??.??"]
[TimeControl "60"]

1. d4 Nf6 2.
Nf3 g6 3. Nc3 Bg7 4. e4 d6 5. Be3 O-O 6. h3 e5 7. dxe5 dxe5 8. Bc4 {[%emt 0:12:02] Strongly threatening Qxd8.
B08: Pirc Defence: Classical System.} Qe7 9. O-O (9. Qd2 {keeps more tension.} Rd8 10. Bc5 Qe8 11. Qe2) 9... c6 10. a4 {[%emt 0:03:15][%cal Ya2a4,Ya4a5] The position is equal.} Nbd7 11. Qc1 {[%emt 0:19:27] [#]} Nb6 $146 ({
Predecessor:} 11... Nc5 12. Nd2 Nh5 13. Nf3 Ne6 14. Rd1 Nef4 15. Rd2 Qf6 16.
Qd1 g5 17. Rd6 Qe7 {½-½ (48) Schaefer,M (2220)-Emmerich,D (2200) Hessen 1998}
) 12. Bd3 Re8 13. a5 Nbd7 14. Na4 Nf8 15. Rd1 Qc7 16. b4 Ne6 17. Nc5 Nh5 18. Bf1 Nhf4 19. Ra3 h6 20. Kh2 Kh7 21. g3 Nh5 22. Rad3 (22. Nd2 $16) 22... b6 {[%emt 0:01:
48] [#]} (22... Nf6 $11) 23. Rd7 $1 $16 Bxd7 24. Rxd7 Qb8 (24... Qc8 25. Ba6 Qb8 26. Nxe6
Rxe6 27. Bc4 $14 (27. Rxf7 Rf6 $11)) 25. Nxe6 fxe6 (25... Rxe6 $16 26. Bc4 (26. Rxf7 Rf6 $11) 26... Rd6 27. Rxf7 Rf6) 26.
Bxh6 $18 Rf8 27. Ng5+ Kxh6 28. Nxe6+ ({Better is} 28. Kg1 $18) 28... Kh7
$14 29. Qg5 (29. Bc4 $1 $16 Qe8 30. Rf7 (30.
Nxf8+ Qxf8 31. Qe1 bxa5 $17) 30... Rxf7 31. Ng5+ Kh8 32. Nxf7+ Kh7 33. Ng5+ Kh8
34. Nf7+ Kh7 35. Ng5+ Kh8 36. Nf7+) 29... Qe8 $2 {[%emt 0:02:17] [#] Black is
now going downhill.} (29... Qc8 $11 30. Qe7 (30. Nxf8+ Qxf8 31. Kg1 c5 $15)
30... Qe8 $1 31. Qxf8 Qxf8 32. Nxf8+ Rxf8) 30. Re7 $1 $36 {[%emt 0:00:23]
White has strong initiative. 0x0.0005ebce4847dp-1022s more active pieces.} (30.
Nxf8+ Qxf8 31. Kg2 c5 $15) 30... Rxf2+ 31. Kg1 Rxf1+ (31... Rf7 $16 {is tougher.} 32. Rxe8 Rxe8 33. Nxg7
Kxg7) 32. Kxf1 $18 Qg8 33. g4 Rf8+ 34. Kg1 {[%emt 0:00:16] The board is on fire.} ({
Worse is} 34. Nxf8+ Qxf8+ 35. Ke1 (35. Kg1 Nf4 $17) 35... Nf4 36. Qxe5 Nxh3 $11
) 34... Rf7 35. gxh5 gxh5 (
35... Bh6 $18 36. Qf6 Rxe7 37. Qxe7+ Kh8 38. Qf6+ Kh7 39. Qe7+ (39. Qxe5 gxh5+
40. Kf2 Qf7+ 41. Kg3 bxa5 $16) 39... Kh8) 36. Qxh5+ Bh6+ {
[%emt 0:00:07] [#]} 37. Ng5+ $1 Qxg5+ 38.
Qxg5 Bxg5 39. Rxf7+ {[%emt 0:00:04] KR-KB}
Kg6 40. Rxa7 bxa5 41. Rxa5 {
[%emt 0:30:04] White wants to mate with Ra6.} Be3+ 42. Kg2 {
[%emt 0:00:00] Threatening mate with Ra6.} Bd4 43. Ra6 {
[%emt 0:00:00] White mates.} Kg5 44. Rxc6 Kf4 45. b5 Kxe4 46. b6 Kd5 {[%emt 0:01:00] Weighted Error Value: White=0.20
(precise) /Black=0.69} 1-0

[Event "44th Chess Olympiad Women 2022"]
[Site "Chennai"]
[Date "2022.08.01"]
[Round "4.19"]
[White "Avelino, Camila Biscaya"]
[Black "Vidic, Teja"]
[Result "0-1"]
[WhiteElo "1863"]
[BlackElo "2099"]
[Annotator "NA RC"]
[PlyCount "54"]
[EventDate "2022.??.??"]
[TimeControl "60"]

1. e4 c6 2. d4 d5 3. exd5 cxd5 4. Bd3 Nc6 5. c3 e6 6. Bf4 Nge7 7. Nd2 Ng6 8. Bg3 Bd6 9. Ndf3 Nf4 10. Ne2 Nxd3+ 11. Qxd3 Qc7 12. O-O O-O 13. Bxd6 Qxd6 14. Ng5 g6 15. Qh3 h5 16. Qh4 Kg7 17. f4 Bd7 18. g4 Rh8 19. f5 f6 20. fxe6 fxg5 21. Rf7+ Kh6 22. Qf2 Bxe6 23. Qf6 Rhg8 24. Ng3 Rad8 25. Re1 Bxg4 26. Nxh5 Bxh5 27. Re6 Qf4 0-1

[Event "44th Chess Olympiad Women 2022"]
[Site "Chennai"]
[Date "2022.08.01"]
[Round "4.19"]
[White "Janzelj, Lara"]
[Black "Silva, Mariana Sofia T."]
[Result "1-0"]
[WhiteElo "2215"]
[BlackElo "1912"]
[Annotator "NA RC"]
[PlyCount "65"]
[EventDate "2022.??.??"]
[TimeControl "60"]

1. Nf3 d5 2. g3 c5 3. Bg2 Nc6 4. O-O e5 5. d3 Be7 6. Nbd2 Be6 7. e4 d4 8. Nc4 Qc7 9. a4 h5 10. h3 f6 11. Nh4 g5 12. Nf5 O-O-O 13. Bd2 Bf8 14. a5 Nge7 15. a6 b6 16. Na3 Nxf5 17. exf5 Bd5 18. Bxd5 Rxd5 19. Qf3 Qd7 20. Nc4 Kb8 21. Kg2 g4 22. hxg4 hxg4 23. Qxg4 Ne7 24. Rh1 Rg8 25. Qe4 Nxf5 26. Qf3 Qe6 27. Rh7 Bh6 28. Rb7+ Ka8 29. Rh1 Bxd2 30. Rhh7 Nh4+ 31. Kf1 Qh3+ 32. Ke2 Rd7 33. Rbxd7+ 1-0

[Event "44th Chess Olympiad Women 2022"]
[Site "Chennai"]
[Date "2022.08.01"]
[Round "4.19"]
[White "Pipiras, Filipa Fortuna"]
[Black "Unuk, Laura"]
[Result "1/2-1/2"]
[WhiteElo "2139"]
[BlackElo "2340"]
[Annotator "TA"]
[PlyCount "62"]
[EventDate "2022.??.??"]
[TimeControl "60"]

1. d4 Nf6 2. c4 e6 3. Nc3 Bb4 4. Qc2 d5 5. a3 Bxc3+ 6. Qxc3 Ne4 7.
Qc2 c5 8. dxc5 Nc6 9. Nf3 Qa5+ 10. Bd2 {[%emt 0:01:51]
E37: Nimzo-Indian: Classical: 4...d5 5 a3 Bxc3+ 6 Qxc3 Ne4.} Qxc5 11. e3 a5 {[%emt 0:05:00] Against b4} 12. Rc1 {[%emt 0:
00:00] White is slightly better.} Qe7 13. cxd5 exd5 14. Bb5 O-O 15. O-O {
[%emt 0:03:56] [#]} Bg4 $146 ({Predecessor:} 15... Bf5 16. Qd1
Bg4 17. Be2 Rad8 18. Bc3 Rfe8 19. Bd4 Rd6 20. h3 Bf5 21. Bc5 Nxc5 22. Rxc5 {
0-1 (61) Bottema,M (2105)-Piasetski,L (2288) Vlissingen 2009}) 16. Nd4 Rfc8 17. Bxc6 Bd7 (17... bxc6 $11 {keeps the balance.} 18. f3 (18. Nxc6 Qg5 $15) 18...
Nxd2 19. Qxd2 Bd7) 18. b4 bxc6 $11 19. f3 ({White should try} 19. bxa5 $11 c5 20. Ne2) 19... Nxd2 (19... c5 $1 $15 20. bxc5 Rxc5) 20. Qxd2 {[%emt 0:00:06] The
position is equal.} axb4 21. axb4 Ra4 22. Rc5 Rb8 23. Nxc6 Bxc6 24. Rxc6 Raxb4 25. Rfc1 {[%emt 0:00:31] [#] Strongly threatening Rc8+.} h5 26. Qd3 {[%emt 0:04:38] Black must now prevent Rc8+.} g6 27. R6c5 Rb3 28. R5c3 Rxc3 29. Qxc3 Re8 30. Rd1 Qxe3+ 31. Qxe3 Rxe3 {[%emt 0:
00:00] Weighted Error Value: White=0.13 (very precise) /Black=0.11 (very
precise)} 1/2-1/2

[Event "44th Chess Olympiad Women 2022"]
[Site "Chennai"]
[Date "2022.08.01"]
[Round "4.19"]
[White "Rozman, Monika"]
[Black "Silva, Ana Ines Teixeira D"]
[Result "1-0"]
[WhiteElo "2104"]
[BlackElo "1775"]
[Annotator "NA RC"]
[PlyCount "41"]
[EventDate "2022.??.??"]
[TimeControl "60"]

1. e4 e5 2. Nf3 Nc6 3. Bc4 Nf6 4. d3 Bc5 5. Nc3 a6 6. O-O d6 7. h3 Ba7 8. Be3 Bxe3 9. fxe3 O-O 10. a4 Na5 11. Ba2 c5 12. Rf2 Nc6 13.
Qe2 Rb8 14. Ng5 Ne7 15. Raf1 h6 16. Rxf6 gxf6 17. Rxf6 d5 18. Qh5 hxg5 19. Bxd5 Nf5 20. Rg6+ Ng7 21. Qh6 1-0

[Event "44th Chess Olympiad Women 2022"]
[Site "Chennai"]
[Date "2022.08.01"]
[Round "4.20"]
[White "Monroy G., Nataly A."]
[Black "Markantonaki, Haritomeni"]
[Result "1-0"]
[WhiteElo "1907"]
[BlackElo "2154"]
[Annotator "NA RC"]
[PlyCount "75"]
[EventDate "2022.??.??"]
[TimeControl "60"]

1. d4 Nf6 2. Nf3 e6 3. g3 b5 4. Bg2 Bb7 5. O-O Be7 6. b3 c5 7. e3 O-O 8. c4 a6 9. Bb2 d5 10. Nbd2 Nbd7 11. Rc1 Qb6 12. cxd5 Nxd5 13. Qe2 Rac8 14. a3 cxd4 15. Nxd4 Nc5 16. b4 Na4 17. Ba1 Rfd8 18. Qh5 Nf6 19. Qh3 Bxg2 20. Qxg2 Nd5 21. h4 a5 22. e4 Ndc3 23. N2b3 axb4 24. Qf3 Bf6 25. Ne2 Nxe2+ 26. Qxe2 bxa3 27. Bxf6 gxf6 28. Qg4+ Kf8 29. e5 Rxc1 30. Rxc1 fxe5 31. Qh5 Qd6 32. Qxh7 Qd3 33. Qh6+ Ke7 34. Qg5+ f6 35. Qg7+ Kd6 36. Qc7+ Kd5 37. Qxd8+ Ke4 38. Nd2+ 1-0

[Event "44th Chess Olympiad Women 2022"]
[Site "Chennai"]
[Date "2022.08.01"]
[Round "4.20"]
[White "Pavlidou, Ekaterini"]
[Black "Molina, Jessica"]
[Result "0-1"]
[WhiteElo "2138"]
[BlackElo "1889"]
[Annotator "NA RC"]
[PlyCount "64"]
[EventDate "2022.??.??"]
[TimeControl "60"]

1. d4 d5 2. c4 c6 3. cxd5 cxd5 4. Bf4 Nc6 5. e3 Nf6 6. Nc3 e6 7. Bd3 Be7 8. h3 a6 9. Nf3 O-O 10. O-O b5 11. a4 b4 12. Ne2 Bb7 13.
Ne5 Rc8 14. f3 Qb6 15. Bg5 Nxe5 16. dxe5 Ng4 17. Bxe7 Nxe3 18. Qe1 Nf5+ 19. Kh1 Nxe7 20. Bxh7+ Kxh7 21. Qh4+ Kg8 22. Qxe7 Rc2 23.
Ng3 Rxb2 24. a5 Qb5 25. Rac1 d4 26. Rc5 Re8 27. Qd6 Qd3 28.
Qd7 Qd2 29. Qxe8+ Kh7 30. Rg1 Bxf3 31. Qc6 Bxc6 32. Rxc6 Qf4 0-1

[Event "44th Chess Olympiad Women 2022"]
[Site "Chennai"]
[Date "2022.08.01"]
[Round "4.20"]
[White "Ramirez, Maria Eugenia"]
[Black "Avramidou, Anastasia"]
[Result "0-1"]
[WhiteElo "2005"]
[BlackElo "2274"]
[Annotator "TA"]
[PlyCount "119"]
[EventDate "2022.??.??"]
[TimeControl "60"]

1. e4 c5 2. Na3 b6 3. g3 Bb7 4. Bg2 Nf6 5. Qe2 d6 6. c3 {
[%emt 0:01:00] [#] B31: Sicilian: 2...Nc6 3 Bb5 g6.} g6 $146 (
{Predecessor:} 6... e6 7. Nh3 Be7 8. O-O O-O 9. Rd1 d5 10. e5 Ne8 11. d4 Ba6
12. Qh5 Nc6 {1-0 (49) Shabalov,A (2604)-Huber,G (2245) Edmonton 2006}) 7. Nh3 Bg7 8. O-O {[%emt 0:00:51] The position is
equal.} O-O 9. d3 Nc6 10. f4 e6 11. Nc2 b5 12. Be3 a5 13. Rad1 b4 14. c4 Nd7 (14... a4 $15) 15. d4 $11 cxd4 16. Nxd4 Nxd4 17. Bxd4 Bxd4+ 18. Rxd4 Qb6 19. Qf2 e5 20. Rd2 Qc7 21. Qe2 exf4 22. gxf4 (
22. Nxf4 $11 Qc5+ 23. Kh1) 22... Rfe8 (22... Rae8 $17 23. Nf2
Nc5) 23. f5 $15 Qc5+ 24. Kh1 Qe5 25. Ng5 f6 26. Ne6 Rac8 27. Nf4 g5 ({Don't take} 27... Bxe4 28. Bxe4 Qxe4+ 29. Qxe4 Rxe4 30. Rxd6
$16) (27... gxf5 28. Qh5 $16) 28. Nd5 Rc5 29.
Rfd1 Bxd5 30. Rxd5 Rxd5 31. Rxd5 Qf4 {[%emt 0:00:00] Black wants to
play ...Ne5.} 32. Qd2 Rxe4 {[%emt 0:00:00] [#] White must now
prevent ...Qxd2.} 33. Qxf4 Rxf4 34. Rxd6 $11
{[%emt 0:01:12] Endgame KRB-KRN} Nc5 35. Bd5+ Kg7 36. Rc6 Nd3 37. Rc7+ Kh6 38. Bg8 $2 {[%emt 0:01:01] [#] Now White
is beyond hope.} (38. Kg2 $1 $11 {and White stays safe.}) 38... Kh5 $1 $19 {
[%emt 0:00:50] And now ...Kg4 would win.} ({Less strong is} 38... Rxf5 39.
Rxh7+ Kg6 40. Rd7 Rf1+ 41. Kg2 $14) ({Weaker is} 38... Rf1+ 39. Kg2 Rxf5 40.
Rxh7+ Kg6 41. Rd7 Ne1+ 42. Kg1 Nf3+ 43. Kg2 Ne1+ 44. Kg1 Nf3+ 45. Kg2 $11) 39.
Re7 $2 (39. Kg2 h6 40. Rc6) 39... Kg4 40. h3+
$2 (40. Kg1 {was necessary.}) 40... Kf3 {[%emt 0:00:35] ...
Ne5 is the strong threat.} 41. Bd5+ (41. a3 $142 Rd4 42. axb4
axb4 43. Kg1) 41... Kf2 {[%emt 0:00:00] Threatens to win with ...Rh4.} 42. Kh2 Rh4 43. Bg2 Nf4 (43... g4 $142 44. Rg7 h5) 44. Rd7 Nxg2 {[%emt 0:00:00]
KRN-KR} 45. Rd2+ Kf3 46. Rxg2 Rxc4 {[%emt 0:00:00] KR-KR} 47. Rg3+ Ke4 {[%emt 0:00:00]
Hoping for ...Rc2+.} 48. Rg4+ Kd3 49. Rg3+ Kc2 50. b3 Rc3 {[%emt 0:00:
00] Strongly threatening ...Rxg3.} 51. Rg4 Kb2 52. h4 h6 53. Rd4 Rc5 54. Kg3 Kxa2 55. Kg4 Kxb3 {[%emt 0:00:00] ( -> ...Rc4)} 56. Rd6 Rc4+ 57. Kh5 Rxh4+ 58. Kg6 a4 59. Kxf6 a3 60. Ke5 {[%emt 0:00:00] Weighted Error Value: White=0.83/
Black=0.21 (precise)} 0-1